 Dungeon Crawl Stone Soup version 0.20-a0-11-ga97c7b5 (webtiles) character file.

562 dobroeutro the Cudgeler (level 7, -8/41 HPs)
             Began as a Gargoyle Fighter on Nov 2, 2016.
             Mangled by dobroeutro's ghost (12 damage)
             ... on level 4 of the Dungeon.
             The game lasted 00:03:54 (2424 turns).

dobroeutro the Cudgeler (Gargoyle Fighter)          Turns: 2424, Time: 00:03:55

Health: -8/41      AC: 11    Str: 24    XL:     7   Next: 32%
Magic:  7/7        EV:  7    Int:  8    God:
Gold:   203        SH:  9    Dex: 10    Spells: 0 memorised, 6 levels left

rFire  . . .     SeeInvis .     q - +5 club
rCold  . . .     Gourm    .     b - +0 scale mail
rNeg   + . .     Faith    .     c - +0 shield
rPois  ∞         Spirit   .     (no helmet)
rElec  +         Reflect  .     (no cloak)
rCorr  .         Harm     .     (no gloves)
MR     .....                    (no boots)
Stlth  ..........               t - amulet of rage
                                (no ring)
                                w - +3 ring of strength

@: no status effects
A: negative energy resistance 1, electricity resistance, unbreathing,
petrification resistance, rot immunity, AC +4
a: Evoke Berserk Rage


You were on level 4 of the Dungeon.
You were not hungry.

You visited 1 branch of the dungeon, and saw 4 of its levels.
You also visited: Ossuary.

You collected 203 gold pieces.

Inventory:

Hand Weapons
 a - a +0 flail
 q - a +5 club (weapon)
Armour
 b - a +0 scale mail (worn)
 c - a +0 shield (worn)
Jewellery
 t - an amulet of rage (around neck)
 w - a +3 ring of strength (left hand)
Scrolls
 e - a scroll of enchant weapon
 h - 3 scrolls of identify
 i - a scroll of remove curse {unknown}
 j - 3 scrolls of amnesia {unknown}
 m - 2 scrolls of magic mapping
 o - a scroll of blinking
 p - 2 scrolls of teleportation
 v - 2 scrolls of fear {unknown}
Potions
 d - 2 potions of might
 g - a potion of resistance
 k - 4 potions of flight {unknown}
 l - 3 potions of curing
 n - a potion of haste {unknown}
 u - a potion of invisibility {unknown}
 z - 3 potions of agility {unknown}
 A - a potion of cure mutation {unknown}
Books
 r - a book of Minor Magic

   Spells                             Type                      Level
   a - Magic Dart                     Conjuration                  1
   b - Blink                          Translocation                2
   c - Call Imp                       Summoning                    2
   d - Repel Missiles                 Charms/Air                   2
   e - Slow                           Hexes                        2
   f - Conjure Flame                  Conjuration/Fire             3
   g - Mephitic Cloud                 Conjuration/Poison/Air       3
Comestibles
 f - 2 bread rations
 s - a slice of pizza
 x - 2 meat rations
 B - a chunk of flesh


   Skills:
 - Level 3.2 Fighting
 + Level 7.9 Maces & Flails
 - Level 3.2 Armour
 - Level 3.2 Shields


You had 6 spell levels left.
You didn't know any spells.

Dungeon Overview and Level Annotations

Branches:
Dungeon (4/15)
 Temple: D:4-7

Altars:
Cheibriados
Xom

Annotations:
D:4 dobroeutro's ghost, amateur GrFi


Innate Abilities, Weirdness & Mutations

You are resistant to torment.
Your stone body is resilient. (AC +4)
You are immune to poison.
You resist negative energy. (rN+)
You are resistant to electric shocks. (rElec)
You can survive without breathing.
You are immune to petrification.
You are immune to rotting.


Message History

You block dobroeutro's ghost's attack.
You closely miss dobroeutro's ghost.
Dobroeutro's ghost is moderately damaged.
Dobroeutro's ghost barely misses you.
You closely miss dobroeutro's ghost.
Dobroeutro's ghost is moderately damaged.
You block dobroeutro's ghost's attack. x2
You hit dobroeutro's ghost but do no damage.
Dobroeutro's ghost is moderately damaged.
You hit dobroeutro's ghost.
Dobroeutro's ghost is heavily damaged.
You block dobroeutro's ghost's attack.
You hit dobroeutro's ghost.
Dobroeutro's ghost is heavily damaged.
Dobroeutro's ghost hits you!
* * * LOW HITPOINT WARNING * * *
You hit dobroeutro's ghost but do no damage.
Dobroeutro's ghost is heavily damaged.
Dobroeutro's ghost hits you!
You die...

############ *,,,, #...#......##
*,*** ####.#.........########
*,*** .....#...#'#....##....#
*,*,, ###......#.#....##....#
*,*,* .......###.###..##....#
*,#,* .......'.....'..##....#
*.#,*
##.#'..###.###..##...[#####*#.*,*
#.#.#...#.#....@W....'.[.#,.,*,*
#.#.....#+#...###....###.#.###.#
##.#...........###....###.#.....#
.........................>...#..#
######.########.#########.#.....#
# #.# #..............#.## # #.#
#.#........#.....# # #.#
#.##.#######..#### # #.#
#.............####


You could see dobroeutro's ghost.

Vanquished Creatures
  Grinder (D:3)
  2 water moccasin zombies (Ossuary)
  Jessica (D:2)
  Ijyb (D:2)
  A big kobold zombie (Ossuary)
  2 mummies (Ossuary)
  5 adders
  An ooze (D:1)
  An adder zombie (Ossuary)
  An adder skeleton (D:4)
  2 worms
  5 dart slugs
  2 leopard geckos (D:3)
  An orc (D:3)
  7 bats
  15 giant cockroaches
  A gnoll zombie (Ossuary)
  4 goblins
  11 hobgoblins
  3 jackals (D:3)
  7 kobolds
  A ball python (D:1)
  4 frilled lizards
  4 hobgoblin zombies (Ossuary)
  7 kobold zombies (Ossuary)
  6 orc zombies (Ossuary)
  A quokka zombie (D:4)
  7 rats
104 creatures vanquished.

Notes
Turn   | Place    | Note
-------+----------+-------------------------------------------
     0 | D:1      | dobroeutro the Gargoyle Fighter began the quest for the Orb.
     0 | D:1      | Reached XP level 1. HP: 14/14 MP: 1/1
    44 | D:1      | Reached XP level 2. HP: 12/19 MP: 2/2
    86 | D:1      | Reached skill level 3 in Maces & Flails
   206 | D:1      | Reached XP level 3. HP: 23/23 MP: 3/3
   612 | D:2      | Noticed Ijyb
   622 | D:2      | Paralysed by Ijyb for 6 turns
   630 | D:2      | Paralysed by Ijyb for 7 turns
   646 | D:2      | Paralysed by Ijyb for 4 turns
   712 | D:2      | Reached skill level 4 in Maces & Flails
   797 | D:2      | Reached XP level 4. HP: 21/28 MP: 4/4
   960 | D:2      | Killed Ijyb
  1037 | D:2      | Noticed Jessica
  1042 | D:2      | Killed Jessica
  1042 | D:2      | Reached skill level 5 in Maces & Flails
  1042 | D:2      | Reached XP level 5. HP: 23/32 MP: 5/5
  1435 | D:3      | Found a shimmering altar of Xom.
  1516 | D:3      | Noticed Grinder
  1523 | D:3      | Paralysed by Grinder for 6 turns
  1530 | D:3      | Found a snail-covered altar of Cheibriados.
  1546 | D:3      | Killed Grinder
  1546 | D:3      | Reached skill level 6 in Maces & Flails
  1546 | D:3      | Reached XP level 6. HP: 17/37 MP: 6/6
  1915 | D:4      | Found a sand-covered staircase.
  1921 | Ossuary  | Entered an ossuary
  1943 | Ossuary  | Reached skill level 7 in Maces & Flails
  1975 | Ossuary  | Reached XP level 7. HP: 20/41 MP: 7/7
  2402 | D:4      | Noticed dobroeutro's ghost (amateur GrFi)
  2424 | D:4      | Mangled by dobroeutro's ghost

Vault maps used:
D:1:      co_arrival_random_square_maze, minmay_misc_feat_x
D:2:      minmay_roachtagon, uniq_jessica, uniq_iyjb
D:3:      nicolae_overflow_crystal_walls, first_bread, kennysheep_slug_shrine,
          uniq_grinder
D:4:      nicolae_ossuary_entry_plus
Ossuary:  ossuary_tomb_2

Skill      XL: |  1  2  3  4  5  6 |
---------------+-------------------+-----
Maces & Flails | 3 4 5 6 7 |  7.9
Fighting       | |  3.2
Armour         | |  3.2
Shields        | |  3.2

Action                   |  1- 3 |  4- 6 |  7- 9 || total
-------------------------+-------+-------+-------++-------
Melee: Flail             |   112 |    82 |       ||   194
       Club              |       |   149 |   124 ||   273
  Use: Scroll            |       |     7 |       ||     7
  Eat: Chunk             |       |     3 |     1 ||     4
       Beef jerky        |       |       |     1 ||     1
Armor: Scale mail        |    61 |   122 |    37 ||   220
Dodge: Dodged            |    31 |    70 |    22 ||   123
Block: Shield            |    52 |   126 |    39 ||   217
